← All builds
Front / Cortex / Economy first / OBSERVED BUILD

Standard front

Cortex Front build order · Supreme Isthmus

Standard economy-first Front play: Bot Lab immediately, Advanced Metal Extractor around 9:23, then a mixed Thug/Grunt/Aggravator army sent up to defend the wider gap and move to middle as a line.

#eco #team support · 451 distinct matches · 138 players · 65% of Cortex Front games · team won 51% of 468 · Recently observed

HOW TO PLAY IT

Key timing: Bot Lab by 0:40

  1. Open 2 mex into early Bot Lab.
  2. Finish Bot Lab and start Thug, Grunt, Aggravator mix.
  3. Send first units to coast to stop leaks, not straight to mid.
  4. Transition into Advanced Metal Extractor as eco scales.
  5. Move units up as a line toward middle to hold the wider gap.

Phase by phase

TYPICAL OF ITS 451 GAMES
  1. 1
  2. 2
  3. 3
PLAY THE OPENING

Follow the example game's first 6:00 step by step: what to build now, what comes next, and where it goes. At 1× it keeps pace with your own game.

  1. 1

    Up to the Bot Lab

    Economy
    • Metal Extractor2Mex
    Order
    1. Bot LabBot Lab after 2 mexdone ~0:40, middle half 0:34–0:46

    Some games also: wind (41%)

    By 0:23 in all: 2 mex

    The example game in this phase · 2 steps
    1. Mex ×2
    2. Bot LabBot Labdone 0:34 · typical 0:40
  2. 2

    Bot Lab to 5:00

    Economy
    • Metal Extractor4Mex
    • Wind Turbine4Wind
    Builders
    • Construction Bot3 Con bot
    • Graverobber2 Graverobber
    Army
    • Guard2 Guard
    • Thug9 Thug
    • Aggravator5 Aggravator
    • Grunt4 Grunt

    Some games also: con turret (45%) · Radar Tower (34%)

    By 5:00 in all: 6 mex · 5 wind

    The example game in this phase · 34 steps
    1. Wind
    2. GraverobberGraverobber
    3. Wind
    4. Mex
    5. GruntGrunt ×3
    6. GraverobberGraverobber
    7. GruntGrunt ×2
    8. Construction BotCon bot
    9. ThugThug
    10. Con turret
    11. ThugThug ×2
    12. Mex
    13. ThugThug ×2
    14. Mex
    15. ThugThug ×3
    16. Mex
    17. ThugThug ×2
    18. GuardGuard
    19. ThugThug
    20. GuardGuard
    21. ThugThug
    22. GuardGuard
    23. ThugThug ×3
    24. Wind
    25. ThugThug
    26. Wind
    27. ThugThug
    28. Wind
    29. ThugThug
    30. Wind
    31. ThugThug
    32. Converter
    33. Mex
    34. ThugThug
  3. 3

    5:00 to 10:00

    Economy
    • Metal Extractor1Mex
    • Wind Turbine17Wind
    Builders
    • Construction Turret2 Con turret
    • Graverobber2 Graverobber
    • Construction Bot1 Con bot
    Army
    • Guard1 Guard
    • Grunt8 Grunt
    • Thug4 Thug
    • Aggravator1 Aggravator

    Some games also: Radar Tower (43%) · energy storage (36%) · converter (36%) · Twin Guard (33%) · eat Bot Lab (37%)

    By 10:00 in all: 7 mex · 24 wind · 3 con turret

    The example game in this phase · 43 steps
    1. Converter
    2. ThugThug
    3. Converter
    4. ThugThug
    5. Mex
    6. Converter
    7. ThugThug ×2
    8. BeamerBeamer
    9. ThugThug ×2
    10. ThistleThistle
    11. ThugThug ×2
    12. Mex
    13. BeamerBeamer
    14. TrasherTrasher ×2
    15. ThugThug ×17
    16. Mex
    17. ThugThug ×11
    18. GuardGuard
    19. ThugThug ×8
    20. Mex
    21. ThugThug ×3
    22. Mex
    23. ThugThug
    24. Con turret
    25. ThugThug
    26. Con turret
    27. ThugThug
    28. Wind
    29. ThugThug
    30. Wind
    31. ThugThug
    32. Wind
    33. ThugThug
    34. Wind
    35. ThugThug
    36. ThistleThistle
    37. Wind
    38. ThugThug
    39. Wind ×2
    40. ThugThug ×2
    41. Wind
    42. ThugThug
    43. Wind

Counts are medians over the build's games: half of them build more, half fewer. The example game is [NWP]Kadafi923's (32 OS, 11/09/2026); pick another.

Team trades

IN AT LEAST 30% OF ITS GAMES

You hand over

Nothing regular.

You get

  • Tidal Generator4 Tidal from Pondfirst at 0:17 · in 65% of games
  • Advanced Construction Bot1 T2 con bot from Geo or Techfirst at 7:46 · in 62% of games

How it plays out

Typical game of this build, running totals by minute

Metal produced

010k20k30k
0:005:0010:0015:00

metal

Enemy metal destroyed

02.5k5k7.5k
0:005:0010:0015:00

metal

Own metal lost

05k10k
0:005:0010:0015:00

metal

468 games.

Show as table
ByMetal produced: This buildEnemy metal destroyed: This buildOwn metal lost: This build
1:0033100
2:0085600
3:00162710486
4:002711389341
5:003853921839
6:00510915891556
7:00639523722474
8:00772631253385
9:00915138374291
10:001079845385079
11:001264252055987
12:001450856906925
13:001681462067630
14:001896966638539
15:002063272579305
WHAT THE NUMBERS SAY

Standard front play wins less than half its games, with losses slightly outpacing kills through the first 15 minutes.

  • + Kills reach 7200 by 15:00 despite the safer starting position.
  • + T2 constructor reached in 85% of games, solid tech follow-through.
  • − Team wins under half of games (45%), the weakest shown here.
  • − Own metal lost (9484) exceeds enemy metal destroyed (7200) by 15:00.
THE EXAMPLE YOU ARE READING

[NWP]Kadafi923

31.7 OS · 11/09/2026

Open source match ↗

5 received units · includes a constructor
39 metal received · 20630 energy received

Allied construction assistance is unknown. Timings are observations, not a promise of solo reproducibility.

Typical milestones

Bot Lab0:40Middle 50%: 0:34–0:46 · n=454
Advanced Metal Extractor9:23Middle 50%: 8:19–10:45 · n=343

Played most by

iLike2Eco31games of this buildTheGeneraI27games of this buildSauceDispenser27games of this buildwatermeloans19games of this buildEl_Turco15games of this build
Standard front · Cortex Front build order · BAR Build Atlas